 Dungeon Crawl Stone Soup version 0.27.0-66-gdc8fb28755 (webtiles) character file.

Game seed: 15533252674413764630

21 ZARRMARR the Digger (level 2, -4/20 HPs)
             Began as a Ghoul Earth Elementalist on Aug 20, 2021.
             Killed from afar by Sigmund (9 damage)
             ... with a magic dart
             ... on level 2 of the Dungeon.
             The game lasted 00:04:50 (1284 turns).

ZARRMARR the Digger (Ghoul Earth Elementalist)      Turns: 1284, Time: 00:04:51

Health: -4/20      AC:  2    Str: 11    XL:     2   Next: 83%
Magic:  4/4        EV: 12    Int: 10    God:
Gold:   0          SH:  0    Dex:  9    Spells: 4/5 levels left

rFire    . . .     SeeInvis .   (no weapon)
rCold    + . .     Faith    .   (no shield)
rNeg     + + +     Spirit   .   b - +0 robe
rPois    ∞         Reflect  .   (no helmet)
rElec    .         Harm     .   (no cloak)
rCorr    .         Rampage  .   (no gloves)
Will     .....                  (no boots)
Stlth    +.........             (no amulet)
HPRegen  0.00/turn              (no ring)
MPRegen  0.09/turn              (no ring)

@: confused, inhibited regen
A: claws 1, cold resistance 1, negative energy resistance 3, inhibited
regeneration, torment resistance 2
a: no special abilities


You were on level 2 of the Dungeon.
You visited 1 branch of the dungeon, and saw 2 of its levels.

Inventory:

Missiles
 c - 11 stones
Armour
 b - a +0 robe (worn)
Scrolls
 g - a scroll of vulnerability {unknown}


   Skills:
 + Level 1.9 Dodging
 + Level 2.3 Stealth
 + Level 2.0 Spellcasting
 - Level 0.8 Transmutations
 + Level 4.0 Earth Magic


You had 4 spell levels left.
You knew the following spells:

 Your Spells              Type           Power      Damage    Failure   Level
a - Sandblast             Erth           18%        2d7       6%          1

Your spell library contained the following spells:

 Spells                   Type           Power      Damage    Failure   Level
 Passwall                 Tmut/Erth      4%         N/A       17%         2
 Stone Arrow              Conj/Erth      10%        3d7       38%         3
 Ozocubu's Armour         Ice            1%         N/A       67%         3
 Petrify                  Tmut/Erth      5%         N/A       75%         4
 Ozocubu's Refrigeration  Ice            0%         4d5       100%        7


Dungeon Overview and Level Annotations

Branches:
Dungeon (2/15)

Altars:

Annotations:
D:2 Sigmund


Innate Abilities, Weirdness & Mutations

You thrive by killing the living.
You are immune to poison.
You have sharp fingernails.
Your flesh is cold resistant. (rC+)
You are immune to negative energy. (rN+++)
You do not regenerate when monsters are visible.
You are immune to unholy pain and torment.


Message History

Blink to where?
Press: ? - help, Dir - move target, f - you
Okay, then.
As you read the scroll labelled NIMAXZ FEIMMOPATA, it crumbles to dust.
It was a scroll of blinking.
As you read the scroll labelled ZINIJOXIBA, it crumbles to dust.
It is a scroll of enchant weapon.
You aren't carrying any weapons that can be enchanted.
Unknown command.
As you read the scroll labelled VUG MEQOHE, it crumbles to dust.
You hear a loud clanging noise!
It was a scroll of noise.
Unknown command.
As you read the scroll labelled OJEL NOERROKK, it crumbles to dust.
It is a scroll of amnesia.
Okay, then.
Unknown command.
You start waiting.
Done waiting.
You start waiting.
Done waiting.
You climb downwards.
An adder and Sigmund come into view.
Sigmund shouts!
Found a stone staircase leading down.
There is a stone staircase leading up here.
Sigmund casts a spell at you.
You are confused.
Sigmund gestures at you while chanting. You resist with significant effort.
In your confused state, you trip and fall back down the stairs.
The adder bites you. Sigmund casts a spell at you. The magic dart hits you!
You're too confused to cast spells.
The adder bites you.
* * * LOW HITPOINT WARNING * * *
Sigmund casts a spell at you. The magic dart hits you!
You die...

..### ...#
...# ..#
..# #.#
#####+#.##
.......@.#
.......#S#
.......
...
...@...
#..#
.......
..#
.......
..#
#####+# .#
>.


You could see Sigmund and an adder.

Vanquished Creatures
  An endoplasm (D:1)
  A goblin (D:1)
  A hobgoblin (D:1)
  6 jackals (D:1)
  2 quokkas (D:1)
  4 ball pythons (D:1)
  2 frilled lizards (D:1)
  A rat (D:1)
18 creatures vanquished.

Notes
Turn   | Place    | Note
-------+----------+-------------------------------------------
     0 | D:1      | ZARRMARR the Ghoul Earth Elementalist began the quest for
                  | the Orb.
     0 | D:1      | Reached XP level 1. HP: 14/14 MP: 2/2
    99 | D:1      | Found a faded altar of an unknown god.
   176 | D:1      | Reached XP level 2. HP: 7/20 MP: 0/3
  1000 | D:1      | Reached skill level 4 in Earth Magic
  1280 | D:2      | Noticed Sigmund
  1284 | D:2      | Killed from afar by Sigmund

Illustrated notes

Levels and vault maps discovered:
D:1:      amcnicky_arrival_abandoned_market, layout_basic,
          hellmonk_ecumenical_altar_inner_sanctum, hangedman_decor_push,
          chequers_garden, minmay_fountain_box
D:2:      layout_basic, uniq_sigmund, uniq_robin

Skill      XL: |  1  2 |
---------------+-------+-----
Spellcasting   | 2 |  2.0
Earth Magic    | 4 |  4.0
Dodging        | |  1.9
Stealth        | |  2.3
Transmutations | |  0.8

Action                   || total
-------------------------++-------
Melee: Unarmed           ||    24
 Cast: Sandblast         ||    19
  Use: Scroll            ||     4
Armor: Robe              ||    12
Dodge: Dodged            ||    27
